 Dungeon Crawl Stone Soup version 0.19-a0-1051-gdb7e7f8 (webtiles) character file.

29275 Gagarin the Nimble (level 13, 0/102 HPs)
             Began as a Grey Draconian Conjurer on Aug 1, 2016.
             Was an Elder of Sif Muna.
             Killed from afar by a rime drake (19 damage)
             ... with a flash freeze
             ... on level 4 of the Lair of Beasts.
             The game lasted 01:30:01 (21977 turns).

Gagarin the Nimble (Grey Draconian Conjurer)       Turns: 21977, Time: 01:30:02

Health: 0/102      AC: 17    Str: 12    XL:     13   Next: 14%
Magic:  3/26       EV: 18    Int: 20    God:    Sif Muna [****..]
Gold:   955        SH:  0    Dex: 11    Spells: 6 memorised, 12 levels left

rFire  . . .     SeeInvis .     I - +2 scimitar (holy)
rCold  + . .     Gourm    .     (armour unavailable)
rNeg   . . .     Faith    .     (no shield)
rPois  .         Spirit   .     (helmet restricted)
rElec  .         Dismiss  .     h - +1 cloak
rCorr  .         Reflect  .     y - +0 pair of gloves
SustAt .         Harm     .     A - +0 pair of boots
MR     .....                    V - amulet of regeneration
Stlth  +++.......               M - ring of wizardry
                                j - ring of protection from cold

@: about to teleport, not resistant to hostile enchantments, fairly stealthy
A: walk through water, unfitting armour, unbreathing, cold-blooded, AC +13
a: Divine Energy, Channel Magic, Forget Spell, Renounce Religion


You were on level 4 of the Lair of Beasts.
You worshipped Sif Muna.
Sif Muna was greatly pleased with you.
You were hungry.

You visited 3 branches of the dungeon, and saw 15 of its levels.
You also visited: Sewer.

You collected 955 gold pieces.

Inventory:

Hand Weapons
 u - a +0 blowgun
 I - a +2 scimitar of holy wrath (weapon)
 Q - a +0 long sword
Missiles
 p - 3 needles of paralysis
 v - 3 curare-tipped needles
 w - 33 poisoned needles
Armour
 h - a +1 cloak (worn)
 y - a +0 pair of gloves (worn)
 A - a +0 pair of boots (worn)
Jewellery
 j - a ring of protection from cold (left hand)
 M - a ring of wizardry (right hand)
 V - an amulet of regeneration (around neck)
Wands
 d - a wand of polymorph (5/24)
 E - a wand of flame (9/48)
 K - a wand of confusion (23/48)
 T - a wand of paralysis (16/24)
 W - a wand of disintegration (7/24)
 X - a wand of slowing (16/48)
Scrolls
 c - 4 scrolls of teleportation
 e - 10 scrolls of remove curse
 f - 9 scrolls of identify
 g - 2 scrolls of fog {unknown}
 i - 3 scrolls of recharging {unknown}
 x - 3 scrolls of enchant weapon {unknown}
 B - 2 scrolls of fear {unknown}
 C - a scroll of magic mapping {unknown}
 F - 2 scrolls of enchant armour {unknown}
 G - 2 scrolls of torment {unknown}
 H - a scroll of random uselessness {unknown}
 L - 3 scrolls of blinking {unknown}
 O - a scroll of brand weapon {unknown}
 P - 5 scrolls of amnesia {unknown}
 S - a scroll of summoning {unknown}
Potions
 k - 3 potions of might {unknown}
 m - 2 potions of cure mutation {unknown}
 n - 2 potions of mutation {unknown}
 q - 14 potions of curing
 r - 3 potions of heal wounds
 s - a potion of agility {unknown}
 t - 5 potions of flight
 z - 3 potions of brilliance
 D - a potion of lignification {unknown}
 N - 6 potions of berserk rage {unknown}
 R - a potion of haste {unknown}
Books
 a - a book of Conjurations

   Spells                             Type                      Level
   a - Magic Dart                     Conjuration                  1
   b - Searing Ray                    Conjuration                  2
   c - Dazzling Spray                 Conjuration/Hexes            3
   d - Fulminant Prism                Conjuration/Hexes            4
   e - Iskenderun's Mystic Blast      Conjuration                  4
   f - Iskenderun's Battlesphere      Conjuration/Charms           5
Comestibles
 b - 14 bread rations
 l - 5 meat rations
 o - 3 beef jerkies
 J - 9 slices of pizza
 U - 5 fruits


   Skills:
 + Level 6.1 Fighting
 + Level 6.8 Long Blades
 + Level 4.2 Throwing
 + Level 11.6 Dodging
 + Level 5.0 Stealth
 + Level 9.9 Spellcasting
 + Level 10.6 Conjurations
 + Level 3.8 Hexes
 + Level 1.0 Charms
 + Level 0.4 Evocations


You had 12 spell levels left.
You knew the following spells:

 Your Spells              Type           Power        Failure   Level  Hunger
a - Magic Dart            Conj           ####         1%          1    None
b - Searing Ray           Conj           ######       1%          2    None
c - Dazzling Spray        Conj/Hex       #####.       1%          3    None
d - Iskenderun's Mystic   Conj           ######..     1%          4    ##.....
e - Fulminant Prism       Conj/Hex       #####.....   1%          4    ##.....
f - Iskenderun's Battles  Conj/Chrm      ####....     9%          5    #####..


Dungeon Overview and Level Annotations

Branches:
Dungeon (10/15)            Temple (1/1) D:6            Lair (4/6) D:10
  Swamp (0/4) Lair:2       Spider (0/4) Lair:3          Orc (0/2) D:9

Altars:
Ashenzari
Cheibriados
Dithmenos
Elyvilon
Fedhas
Gozag
Hepliaklqana
Kikubaaqudgha
Makhleb
Nemelex Xobeh
Okawaru
Pakellas
Qazlal
Ru
Sif Muna
Trog
Uskayaw
Vehumet
Xom
Yredelemnul
Zin
The Shining One


Innate Abilities, Weirdness & Mutations

You can walk through water.
Your dull iron-grey scales are very hard. (AC +13)
Your body does not fit into most forms of armour.
You can survive without breathing.
You are cold-blooded and may be slowed by cold attacks.


Message History

The searing ray hits the griffon.
You kill the griffon!
Sif Muna accepts your kill.
The searing ray hits the basilisk.
The basilisk is almost dead.
You finish channeling your searing ray.
The rime drake breathes ice at you. The flash freeze hits you!
You partially resist.
* * * LOW HITPOINT WARNING * * *
You are encased in ice.
A hippogriff comes into view.
As you read the scroll of teleportation, it crumbles to dust.
You feel strangely unstable. The rime drake bites you.
* * * LOW HITPOINT WARNING * * *
The ice encasing you melts away. The rime drake misses you.
You riposte.
You slash the rime drake!
The rime drake is moderately wounded.
The rime drake breathes ice at you. The flash freeze hits you!
You partially resist.
You die... ### ## ##.##.## #..H†l.# ##k##†## ###.# .Hl #P.@# klHk# ##..# kHl$#

### #..# HH..# ###.# #
########..# ....# ##.8.##
########P.#P#P#..# ....####.....#
.................#######..#8.<.8.
..........................#......
...####...P...............#....##
..........................##.'#.#


You could see a hippogriff and a rime drake.

Vanquished Creatures
  Harold (Lair:1)
  4 hydras
  An unseen horror (D:10)
  A hill giant (D:10)
  An orb spider (Lair:3)
  3 griffons
  6 spiny frogs
  3 black mambas (Lair:2)
  A rime drake (Lair:3)
  5 komodo dragons
  A two-headed ogre (D:9)
  10 blink frogs
  A wraith (D:10)
  26 yaks
  A human (D:7)
  2 wyverns (Lair:4)
  4 basilisks
  A hog (D:7)
  12 hippogriffs
  A hungry ghost (D:8)
  Eustachio (D:5)
  8 water moccasins
  8 porcupines
  3 orc warriors
  2 sky beasts (D:7)
  3 black bears
  An eye of draining (D:10)
  5 ice beasts
  11 ogres
  21 wolves
  2 centaurs
  11 crocodiles
  4 big kobolds
  Blork the orc (D:5)
  15 giant frogs
  A wyvern zombie (D:8)
  A gnoll sergeant (D:5)
  2 jellies
  5 scorpions
  8 wights
  A howler monkey (D:6)
  4 centaur zombies
  7 crimson imps
  4 orc wizards
  A giant frog zombie (D:7)
  A gnoll shaman (D:7)
  A centaur skeleton (D:9)
  3 hounds
  2 orc priests
  8 iguanas
  8 worker ants
  3 sheep (D:7)
  A hound zombie (D:8)
  A mummy (D:8)
  Robin (D:1)
  9 gnolls
  9 adders
  8 river rats (Lair:3)
  2 oozes
  An adder skeleton (D:8)
  5 worms
  A dart slug (D:1)
  10 giant geckos
  11 orcs
  9 ball pythons
  3 giant cockroaches
  15 goblins
  11 hobgoblins
  9 jackals
  32 kobolds
  3 quokkas
  9 bats
  5 giant newts
  14 rats
  A plant (Lair:2)
411 creatures vanquished.

Vanquished Creatures (others)
  13 fulminant prisms
  7 fungi
  2 plants
22 creatures vanquished.

Grand Total: 433 creatures vanquished

Notes
Turn   | Place    | Note
-------+----------+-------------------------------------------
     0 | D:1      | Gagarin the Draconian Conjurer began the quest for the Orb.
     0 | D:1      | Reached XP level 1. HP: 14/14 MP: 3/3
   499 | D:1      | Reached skill level 2 in Dodging
   541 | D:1      | Reached XP level 2. HP: 20/20 MP: 3/5
   876 | D:1      | Learned a level 2 spell: Searing Ray
  1312 | D:2      | Noticed Robin
  1318 | D:1      | Killed Robin
  1318 | D:1      | Reached XP level 3. HP: 18/26 MP: 1/6
  1828 | D:2      | Found a bloodstained altar of Trog.
  2037 | D:2      | Reached XP level 4. HP: 33/33 MP: 0/8
  2042 | D:2      | Learned a level 3 spell: Dazzling Spray
  2231 | D:2      | Found a burning altar of Makhleb.
  2688 | D:2      | Reached skill level 5 in Conjurations
  2944 | D:2      | Reached XP level 5. HP: 39/39 MP: 6/9
  3049 | D:3      | Learned a level 4 spell: Iskenderun's Mystic Blast
  3617 | D:3      | Noticed an ogre
  3637 | D:3      | Killed an ogre
  3888 | D:4      | Noticed an ogre
  4050 | D:4      | Found a bloodstained altar of Trog.
  4143 | D:4      | Killed an ogre
  4143 | D:4      | Reached XP level 6. HP: 12/46 MP: 0/12
  4555 | D:4      | Found a glowing drain.
  4574 | Sewer    | Entered a sewer
  4849 | Sewer    | Reached skill level 1 in Hexes
  4858 | Sewer    | Reached skill level 3 in Dodging
  4858 | Sewer    | Your scales start taking on a dull iron-grey colour.
  4858 | Sewer    | Reached XP level 7. HP: 47/51 MP: 0/13
  4858 | Sewer    | Gained mutation: You can survive without breathing. [Grey Draconian growth]
  5385 | D:4      | Reached skill level 1 in Fighting
  5966 | D:4      | Found a sacrificial altar of Ru.
  6050 | D:5      | Entered Level 5 of the Dungeon
  6088 | D:5      | Found a shimmering altar of Xom.
  6112 | D:5      | Reached skill level 5 in Spellcasting
  6280 | D:5      | Reached skill level 1 in Throwing
  6280 | D:5      | Reached XP level 8. HP: 55/59 MP: 8/16
  6490 | D:5      | Reached skill level 4 in Dodging
  6661 | D:5      | Noticed Blork the orc
  6670 | D:5      | Killed Blork the orc
  6758 | D:5      | Learned a level 4 spell: Fulminant Prism
  6813 | D:5      | Noticed Eustachio
  6857 | D:5      | Killed Eustachio
  7532 | D:6      | Found a staircase to the Ecumenical Temple.
  7542 | Temple   | Entered the Ecumenical Temple
  7678 | Temple   | Became a worshipper of Sif Muna the Loreminder
  7727 | D:6      | Reached skill level 5 in Dodging
  7727 | D:6      | Reached XP level 9. HP: 67/67 MP: 13/18
  7746 | D:6      | Found an iron altar of Okawaru.
  7765 | D:6      | Found a glowing golden altar of the Shining One.
  8387 | D:7      | Found an opulent altar of Gozag.
  9008 | D:7      | Reached skill level 6 in Dodging
  9016 | D:7      | Learned a level 5 spell: Iskenderun's Battlesphere
  9282 | D:7      | Reached * piety under Sif Muna
  9418 | D:7      | Reached skill level 1 in Long Blades
 10403 | D:8      | Reached XP level 10. HP: 43/74 MP: 5/20
 10699 | D:9      | Reached skill level 7 in Dodging
 10746 | D:9      | Found a staircase to the Orcish Mines.
 11481 | D:9      | Reached ** piety under Sif Muna
 11623 | D:9      | Found a hazy altar of Hepliaklqana.
 11982 | D:10     | Entered Level 10 of the Dungeon
 12131 | D:10     | Killed an unseen horror
 12217 | D:10     | Reached skill level 8 in Dodging
 12524 | D:10     | Noticed a hill giant
 13049 | D:10     | Noticed a hill giant
 13240 | D:10     | Found a staircase to the Lair.
 13328 | D:10     | Killed a hill giant
 13328 | D:10     | Reached XP level 11. HP: 83/83 MP: 2/23
 13779 | Lair:1   | Entered Level 1 of the Lair of Beasts
 14450 | Lair:1   | Noticed Harold
 14490 | Lair:1   | Killed Harold
 14949 | Lair:1   | Reached skill level 9 in Dodging
 15203 | Lair:1   | Noticed a five-headed hydra
 15929 | Lair:1   | Killed a five-headed hydra
 16227 | Lair:2   | Reached *** piety under Sif Muna
 16227 | Lair:2   | Reached skill level 10 in Conjurations
 16308 | Lair:2   | Found a staircase to the Swamp.
 16471 | Lair:2   | Reached skill level 5 in Long Blades
 16471 | Lair:2   | Reached skill level 1 in Charms
 16471 | Lair:2   | Reached XP level 12. HP: 77/92 MP: 15/25
 16975 | Lair:2   | Reached skill level 10 in Dodging
 17081 | Lair:2   | Noticed an eight-headed hydra
 17148 | Lair:2   | Killed an eight-headed hydra
 17328 | Lair:2   | Noticed a four-headed hydra
 17354 | Lair:2   | Killed a four-headed hydra
 18039 | Lair:2   | Reached skill level 5 in Fighting
 19567 | Lair:3   | Reached skill level 11 in Dodging
 20319 | Lair:3   | Found a hole to the Spider Nest.
 20882 | Lair:3   | Reached **** piety under Sif Muna
 21245 | Lair:4   | Reached XP level 13. HP: 97/102 MP: 17/26
 21947 | Lair:4   | Reached skill level 5 in Stealth
 21977 | Lair:4   | Killed from afar by a rime drake

Vault maps used:
D:1:      enne_arrival_octagon_isle
D:2:      bloody_makhleb, trog_hazing_becter, uniq_robin
D:4:      nicolae_overflow_hidden_temple, kennysheep_mini, first_bread,
          portal_sewer_entry_a
D:5:      lemuel_round_altar, lightli_minifort, uniq_eustachio,
          uniq_blork_the_orc
D:6:      kennysheep_mini_moat, basic_altar
D:7:      basic_altar, grunt_livestock, kennysheep_generic_room_14
D:8:      serial_undead, serial_undead_d, serial_undead_f, serial_undead_a,
          serial_undead_c
D:9:      marbit_many_paths
D:10:     lair_0_dummy
Temple:   regret_index_temple_sphere_string
Lair:1:   grunt_megastairs_5, uniq_harold
Lair:2:   swamp_mist, st_stairs_6
Lair:3:   nicolae_spider_entry_orb_guardian, lemuel_fruit_tree
Lair:4:   special_room, grunt_megastairs_3
Sewer:    kennysheep_pipe_town

Skill      XL: |  1  2  3  4  5  6  7  8  9 10 11 12 13 |
---------------+----------------------------------------+-----
Dodging        | 2 3 5 6 8 9 11 | 11.6
Stealth        | 2 3 4 5 |  5.0
Spellcasting   | 3 4 5 6 7 8 9 |  9.9
Conjurations   | 5 6 7 8 9 10 | 10.6
Hexes          | 1 2 3 |  3.8
Fighting       | 1 2 3 4 5 6 |  6.1
Throwing       | 1 3 4 |  4.2
Long Blades    | 2 3 5 6 |  6.8
Charms         | 1 |  1.0
Evocations     | |  0.4

Action                   |  1- 3 |  4- 6 |  7- 9 | 10-12 | 13-15 || total
-------------------------+-------+-------+-------+-------+-------++-------
Melee: Unarmed           |    33 |    29 |     3 |       |       ||    65
       Tailslap          |     3 |     2 |    20 |    95 |     6 ||   126
       Falchion          |       |       |   183 |   135 |       ||   318
       Long sword        |       |       |       |   123 |       ||   123
       Scimitar          |       |       |       |   529 |    58 ||   587
 Fire: Blowgun           |       |       |    36 |    24 |       ||    60
 Cast: Magic Dart        |    77 |   125 |   124 |   186 |     2 ||   514
       Searing Ray       |     4 |     6 |    44 |    69 |     7 ||   130
       Dazzling Spray    |       |     5 |    22 |    58 |     5 ||    90
       Iskenderun's Myst |       |     3 |     8 |    41 |       ||    52
       Fulminant Prism   |       |       |       |    10 |     3 ||    13
       Iskenderun's Batt |       |       |       |     8 |       ||     8
Evoke: Wand              |       |       |       |     1 |       ||     1
  Use: Scroll            |     1 |       |     4 |     7 |     1 ||    13
       Potion            |       |       |       |     1 |       ||     1
 Stab: Invisible         |       |       |     1 |    11 |       ||    12
       Confused          |       |       |       |     1 |       ||     1
       Sleeping          |       |       |       |     1 |       ||     1
  Eat: Chunk             |     5 |    10 |    19 |    39 |     2 ||    75
       Beef jerky        |       |       |     1 |     2 |       ||     3
Armor: Skin              |    32 |    21 |   130 |   261 |    67 ||   511
Dodge: Dodged            |    56 |    53 |   252 |   691 |   115 ||  1167
